AoeStats
← MatzeAoE

Black Forest

505546133Analyzed
1v1 RM · 23d ago on Sep 9, 2026· 31m 6s· 2 players
Game mode
Random Map
Map size
Tiny (2 player)
Population
200
Speed
Normal
Resources
Standard
Victory
Conquest
Starting age
Dark Age
Ending age
Imperial Age
RankedLock teamsTeams togetherTeam positionsShared explorationLock speedFull tech treeHidden civsTurbo modeCheats
Victory
Defeat
🇦🇷 Muisca · Argentina
2418
+6
🇩🇪 Chinese · Germany
2179
-6
wR.Mochi
9:45 Feudal Age
10:44 Double-Bit Axe
11:09 Horse Collar
13:34 Castle Age
14:33 Bow Saw
19:24 Heavy Plow
21:05 Wheelbarrow
21:01 Gold Mining
22:32 Hand Cart
23:36 Gold Shaft Mining
23:30 Stone Mining
27:38 Imperial Age
25:42 Scale Mail Armor
26:19 Forging
26:55 Chain Mail Armor
26:57 Loom
26:57 Town Watch
27:49 Iron Casting
27:15 Squires
27:54 Onager
28:55 Conscription
29:16 Plate Mail Armor
29:18 Crop Rotation
29:53 Two-Man Saw
29:55 Siege Onager
30:53 Siege Engineers
MatzeAoE
0:26 Loom
10:41 Feudal Age
14:24 Castle Age
13:02 Horse Collar
14:02 Double-Bit Axe
15:25 Bow Saw
19:22 Heavy Plow
21:17 Wheelbarrow
21:09 Gold Mining
21:26 Town Watch
22:25 Gold Shaft Mining
22:26 Hand Cart
26:39 Imperial Age
24:13 Stone Mining
25:09 Fletching
26:56 Stone Shaft Mining
26:20 Bodkin Arrow
26:50 Heavy Rocket Cart
27:34 Bracer
29:57 Conscription
30:46 Chemistry
30:06 Ballistics
Connection lost

Rejoining the realm…

Still unreachable

The connection could not be restored.

Session expired

The server has moved on; the page needs a fresh start.